 Dungeon Crawl Stone Soup version 0.26-a0-949-ga0cc1ef5f6 (webtiles) character file.

Game seed: 5673127673403982871

1188 pkoi the Ruffian (level 8, -2/74 HPs)
             Began as a Troll Monk on Nov 29, 2020.
             Was an Elder of Qazlal.
             Slain by a wight
             ... wielding a cursed +0 flail
              (3 damage)
             ... on level 5 of the Dungeon.
             The game lasted 00:04:53 (3492 turns).

pkoi the Ruffian (Troll Monk)                       Turns: 3492, Time: 00:04:54

Health: -2/74      AC:  6    Str: 22    XL:     8   Next: 19%
Magic:  11/11      EV: 10    Int:  6    God:    Qazlal [****..]
Gold:   222        SH:  5    Dex: 12    Spells: 7/7 levels left

rFire    . . .     SeeInvis .     - Unarmed
rCold    . . .     Faith    .   (no shield)
rNeg     . . .     Spirit   .   a - +0 robe
rPois    .         Reflect  .   (helmet restricted)
rElec    .         Harm     .   (no cloak)
rCorr    .         Rampage  .   (gloves unavailable)
MR       .....                  (boots unavailable)
Stlth    +.........             (no amulet)
HPRegen  0.62/turn              (no ring)
MPRegen  0.12/turn              (no ring)

@: drained, repel missiles
A: large, unfitting armour, claws 3, regeneration 1, shaggy fur 1, tough skin 3
a: Upheaval, Elemental Force, Renounce Religion


You were on level 5 of the Dungeon.
You worshipped Qazlal.
Qazlal was greatly pleased with you.
You visited 1 branch of the dungeon, and saw 5 of its levels.

You collected 222 gold pieces.

Inventory:

Missiles
 s - 36 poisoned darts
Armour
 a - a +0 robe (worn)
Wands
 v - a wand of acid (7)
Scrolls
 f - a scroll of noise {unknown}
 g - 3 scrolls of remove curse {unknown}
 i - a scroll of blinking {unknown}
 k - 2 scrolls of identify {unknown}
 m - 2 scrolls of amnesia {unknown}
 n - a scroll of immolation {unknown}
 o - 2 scrolls of enchant armour {unknown}
 p - a scroll of fear {unknown}
 t - a scroll of enchant weapon {unknown}
 w - 2 scrolls of fog {unknown}
 x - a scroll of random uselessness {unknown}
Potions
 b - 2 potions of attraction {unknown}
 c - a potion of degeneration {unknown}
 d - a potion of brilliance {unknown}
 e - a potion of magic {unknown}
 h - 2 potions of mutation {unknown}
 j - a potion of curing {unknown}
 l - a potion of haste {unknown}
 q - 2 potions of heal wounds {unknown}
 r - a potion of might {unknown}
 u - a potion of cancellation {unknown}


   Skills:
 - Level 2.4(1.6) Fighting
 + Level 2.0(1.3) Throwing
 - Level 2.4(1.6) Dodging
 - Level 1.0(0.3) Stealth
 * Level 7.5(6.7) Unarmed Combat
 * Level 5.7(4.9) Invocations


You had 7 spell levels left.
You didn't know any spells.
Your spell library was empty.

Dungeon Overview and Level Annotations

Branches:
Dungeon (5/15)
 Temple: D:4-7

Altars:
Ashenzari
Elyvilon
Fedhas
Kikubaaqudgha
Qazlal
Vehumet
Beogh


Innate Abilities, Weirdness & Mutations

You are too large for most types of armour.
You have claws for hands.
Your natural rate of healing is unusually fast.
You are covered in fur. (AC +1)
You have extremely tough skin. (AC +3)


Message History

You scratch the scorpion.
The scorpion is severely wounded.
You claw the scorpion!
You kill the scorpion!
Qazlal accepts your kill.
You closely miss the wight. The wight misses you.
You barely miss the wight.
The wight hits you with a cursed +0 flail!
* * * LOW HITPOINT WARNING * * *
You closely miss the wight. You claw the wight!
The wight is heavily damaged.
The wight hits you with a cursed +0 flail.
* * * LOW HITPOINT WARNING * * *
You barely miss the wight.
The wight is heavily damaged.
The wight hits you with a cursed +0 flail!
* * * LOW HITPOINT WARNING * * *
You feel drained.
You die...

. .# .# #####.# ..... ...
#z# #.#@# ..#)# ..#.#
#.#.# # #.#)# ###
#.#.#.#.# #.. #.#.#.#.#
#.#
####.......###.####.#### #
..#............#.......#.#


You could see a wight.

Vanquished Creatures
  2 ogres
  A centaur (D:5)
  A bullfrog (D:5)
  2 scorpions
  7 wights
  A howler monkey (D:4)
  A bullfrog zombie (D:5)
  2 orc priests (D:3)
  2 orc wizards
  A centaur skeleton (D:5)
  A worker ant (D:5)
  7 gnolls (D:4)
  A worker ant zombie (D:5)
  7 adders
  A white imp (D:5)
  2 oozes
  A worm (D:4)
  4 leopard geckos
  12 orcs
  6 giant cockroaches
  11 goblins
  6 hobgoblins
  6 jackals
  4 kobolds
  3 quokkas
  7 bats
  5 frilled lizards
  4 rats
108 creatures vanquished.

Notes
Turn   | Place    | Note
-------+----------+-------------------------------------------
     0 | D:1      | pkoi the Troll Monk began the quest for the Orb.
     0 | D:1      | Reached XP level 1. HP: 22/22 MP: 0/0
   640 | D:2      | Found a stormy altar of Qazlal.
   678 | D:2      | Reached XP level 2. HP: 27/29 MP: 1/1
   679 | D:2      | Became a worshipper of Qazlal Stormbringer
   679 | D:2      | Reached * piety under Qazlal
   679 | D:2      | Reached ** piety under Qazlal
   820 | D:2      | Reached skill level 4 in Unarmed Combat
   942 | D:2      | Reached XP level 3. HP: 36/36 MP: 2/2
  1112 | D:2      | Reached skill level 1 in Invocations
  1537 | D:3      | Reached XP level 4. HP: 10/44 MP: 2/4
  1633 | D:3      | Found a roughly hewn altar of Beogh.
  1800 | D:2      | Reached *** piety under Qazlal
  1801 | D:2      | Reached skill level 5 in Unarmed Combat
  1801 | D:2      | Reached XP level 5. HP: 49/50 MP: 5/5
  1942 | D:3      | Reached XP level 6. HP: 31/59 MP: 7/7
  2091 | D:3      | Found a white marble altar of Elyvilon.
  2093 | D:3      | Found a broken altar of Ashenzari.
  2355 | D:3      | Found an ancient bone altar of Kikubaaqudgha.
  2705 | D:4      | Reached skill level 6 in Unarmed Combat
  2765 | D:4      | Reached XP level 7. HP: 44/66 MP: 9/9
  2800 | D:4      | Reached **** piety under Qazlal
  2981 | D:4      | Found a blossoming altar of Fedhas.
  3113 | D:4      | Found a radiant altar of Vehumet.
  3252 | D:5      | Entered Level 5 of the Dungeon
  3366 | D:5      | Reached skill level 1 in Throwing
  3366 | D:5      | Reached skill level 5 in Invocations
  3435 | D:5      | Reached skill level 7 in Unarmed Combat
  3467 | D:5      | Reached XP level 8. HP: 58/74 MP: 9/11
  3492 | D:5      | HP: 1/74 [wight/cursed +0 flail (8)]
  3492 | D:5      | Slain by a wight

Illustrated notes

Levels and vault maps discovered:
D:1:      minmay_arrival_pointy, layout_loops_ring
D:2:      layout_basic, grunt_qazlal_sundering
D:3:      layout_basic, general_overflow_altar, gammafunk_temple_overflow_pools,
          kennysheep_orc_chapel
D:4:      layout_cave_pools, fedhas_altar_1, kennysheep_mini_moat
D:5:      layout_loops_ring, kennysheep_slug_shrine, serial_shops, shop

Skill      XL: |  1  2  3  4  5  6  7  8 |
---------------+-------------------------+-----
Unarmed Combat | 4 5 6 7 |  7.5
Invocations    | 1 2 3 4 5 |  5.7
Throwing       | 1 2 |  2.0
Fighting       | |  2.4
Dodging        | |  2.4
Stealth        | |  1.0

Action                   |  1- 3 |  4- 6 |  7- 9 || total
-------------------------+-------+-------+-------++-------
Melee: Unarmed           |    79 |   131 |    96 ||   306
       Punch             |       |     3 |     3 ||     6
Armor: Robe              |    20 |    44 |     9 ||    73
Dodge: Dodged            |    32 |    68 |    27 ||   127
Block: Other             |     7 |    28 |    17 ||    52

Table legend: (Time is in decaauts)
 A = Elapsed time spent in this place.
 B = Non-inter-level travel time spent in this place.
 C = Inter-level travel time spent in this place.
 D = Time resting spent in this place.
 E = Time spent auto-exploring this place.
 F = Levels seen in this place.
 G = Mean time per level.
                   A        B        C        D        E       F      G
               +--------+--------+--------+--------+--------+-----+--------+
         Total |   3463 |   3298 |    165 |    254 |   2437 |   5 |  692.6 |
       Dungeon |   3463 |   3298 |    165 |    254 |   2437 |   5 |  692.6 |
               +--------+--------+--------+--------+--------+-----+--------+

Top non-repeatable levels by time:
     D:3: 1136 daAuts
     D:2: 950 daAuts
     D:1: 623 daAuts
     D:4: 522 daAuts
     D:5: 231 daAuts
